 Dungeon Crawl Stone Soup version 0.31-a0-1300-gb6740aa4e6 (webtiles) character file.

Game seed: 13149188061445054854

88 gruber the Chiller (level 4, 0/30 HPs)
             Began as a Demonspawn Ice Elementalist on Dec 18, 2023.
             Slain by a scorpion (5 damage)
             ... on level 3 of the Dungeon.
             The game lasted 00:02:36 (2209 turns).

gruber the Chiller (Demonspawn Ice Elementalist)    Turns: 2209, Time: 00:02:36

Health: 0/30       AC:  5    Str:  8    XL:     4   Next: 30%
Magic:  7/7        EV: 12    Int: 17    God:
Gold:   86         SH:  0    Dex: 18    Spells: 0/7 levels left

rFire   . . .        h - +2 whip (elec)
rCold   . . .        (no shield)
rNeg    . . .        a - +0 robe
rPois   .            (no helmet)
rElec   .            (no cloak)
rCorr   +            n - +2 pair of gloves
SInv    .            (no boots)
Will    .....        (no amulet)
Stlth   ++++         i - ring of resist corrosion
HPRegen 0.25/turn    (no ring)
MPRegen 0.10/turn

%: no passive effects
@: lethally poisoned (0 -> -2)
A: thin skeletal structure 2, foul stench 1
a: no special abilities


You were on level 3 of the Dungeon.
You visited 1 branch of the dungeon, and saw 3 of its levels.

You collected 86 gold pieces.

Inventory:

Hand Weapons
 h - a +2 whip of electrocution (weapon)
Armour
 a - a +0 robe (worn)
 n - a +2 pair of gloves (worn)
Jewellery
 i - a ring of resist corrosion (left hand)
Wands
 k - a wand of polymorph (9)
Scrolls
 g - a scroll of fog {unknown}
 l - a scroll of identify {unknown}
 m - a scroll of amnesia {unknown}
 p - a scroll of immolation {unknown}
 q - a scroll of vulnerability {unknown}
Potions
 c - a potion of lignification {unknown}
 d - a potion of attraction {unknown}
 e - 2 potions of heal wounds {unknown}
 f - a potion of brilliance {unknown}
 j - 2 potions of mutation {unknown}
 o - a potion of ambrosia {unknown}


   Skills:
 * Level 2.6 Maces & Flails
 - Level 1.7 Dodging
 - Level 1.7 Stealth
 - Level 2.0 Spellcasting
 - Level 4.4 Ice Magic


You couldn't memorise any spells.
You knew the following spells:

 Your Spells              Type           Power      Damage    Failure   Level
a - Freeze                Ice            64%        1d7       3%          1
b - Frozen Ramparts       Ice            32%        1d5       10%         3
c - Ozocubu's Armour      Ice            16%        N/A       10%         3

Your spell library contained the following spells:

 Spells                   Type           Power      Damage    Failure   Level
 Hailstorm                Conj/Ice       9%         3d6       24%         3
 Call Canine Familiar     Summ           1%         N/A       50%         3
 Sigil of Binding         Hex            1%         N/A       50%         3
 Summon Ice Beast         Ice/Summ       9%         N/A       61%         4
 Dimensional Bullseye     Hex/Tloc       0%         N/A       88%         4
 Simulacrum               Ice/Necr       4%         N/A       100%        6


Dungeon Overview and Level Annotations

Branches:
Dungeon (3/15)

Altars:
Hepliaklqana

Shops:
D:3 :


Innate Abilities, Weirdness & Mutations

You have a moderately thin skeletal structure. (Dex +4, Stealth++)
You may rarely emit foul miasma when damaged in melee.


Message History

The scorpion is moderately wounded.
The wall freezes the scorpion.
The scorpion stings you.
You are poisoned.
The scorpion poisons you!
Unknown command.
Unknown command.
You hit the scorpion.
The scorpion is moderately wounded.
You feel very sick.
The wall freezes the scorpion but does no damage.
The scorpion misses you.
Unknown command.
Unknown command.
You barely miss the scorpion.
The scorpion is moderately wounded.
You feel sick.
The wall freezes the scorpion but does no damage.
The scorpion stings you!
Unknown command.
Unknown command.
You hit the scorpion.
The scorpion is severely wounded.
You feel sick.
The wall freezes the scorpion but does no damage.
The scorpion stings you but does no damage.
Unknown command.
Unknown command.
Unknown command.
You hit the scorpion.
The scorpion is severely wounded.
The frozen ramparts melt away.
You feel sick. The scorpion stings you.
* * * LOW HITPOINT WARNING * * *
Unknown command.
Unknown command.
Unknown command.
Okay, then.
Magic courses through your body.
You feel sick.
The scorpion stings you but does no damage.
The scorpion stings you.
You die...

.......$..........
##..................
#...........?.. .. .
#...........$.# . ..
#.!......##.#.#.#.#
##........#....#...#
............###∩##.#
#...###.....s..#...#
.............#.#@#
.###...........s## #
##......######
#......# #.)....#
.####......#
...........#
#####......#
#......#


You could see a scorpion.

Vanquished Creatures
  3 adders
  A dart slug (D:2)
  9 bats
  4 endoplasms
  3 giant cockroaches
  5 goblins
  7 hobgoblins
  3 jackals (D:1)
  7 kobolds
  3 ball pythons
  2 frilled lizards (D:2)
  9 rats
56 creatures vanquished.

Notes
Turn   | Place    | Note
-------+----------+-------------------------------------------
     0 | D:1      | gruber the Demonspawn Ice Elementalist began the quest for
                  | the Orb.
     0 | D:1      | Reached XP level 1. HP: 13/13 MP: 3/3
   214 | D:1      | Reached skill level 4 in Ice Magic
   263 | D:1      | Gained mutation: You may rarely emit foul miasma when
                  | damaged in melee. [demonic ancestry]
   263 | D:1      | Reached XP level 2. HP: 14/19 MP: 0/5
  1102 | D:1      | Gained mutation: You have a somewhat thin skeletal
                  | structure. (Dex +2, Stealth+) [demonic ancestry]
  1102 | D:1      | Reached XP level 3. HP: 15/24 MP: 6/6
  1399 | D:2      | Reached skill level 1 in Maces & Flails
  1475 | D:2      | Found a faded altar of an unknown god.
  2003 | D:3      | Found a hazy altar of Hepliaklqana.
  2044 | D:3      | Gained mutation: You have a moderately thin skeletal
                  | structure. (Dex +4, Stealth++) [demonic ancestry]
  2044 | D:3      | Reached XP level 4. HP: 22/30 MP: 3/7
  2179 | D:3      | Learned a level 3 spell: Frozen Ramparts
  2183 | D:3      | Learned a level 3 spell: Ozocubu's Armour
  2189 | D:3      | Noticed a scorpion
  2195 | D:3      | Found Kiur's Book Boutique.
  2209 | D:3      | Slain by a scorpion

Illustrated notes

Levels and vault maps discovered:
D:1:      eino_arrival_cavern_d, layout_loops_corners, dreamdust_princess_bridge
D:2:      layout_basic, basic_ecumenical_altar
D:3:      layout_rooms, overflow_temple_1_default, lemuel_round_altar,
          serial_shops, nicolae_book_shop_shelving, bh_walls_and_bars

Skill      XL: |  1  2  3 |
---------------+----------+-----
Ice Magic      | 4 |  4.4
Maces & Flails | 2 |  2.6
Dodging        | |  1.7
Stealth        | |  1.7
Spellcasting   | |  2.0

Action                     |  1- 3 |  4- 6 || total
---------------------------+-------+-------++-------
  Melee: Unarmed           |     5 |       ||     5
         Whip              |    45 |     8 ||    53
         Short sword       |     2 |       ||     2
   Cast: Freeze            |    53 |     4 ||    57
         Frozen Ramparts   |       |     1 ||     1
    Use: Potion            |       |     1 ||     1
   Stab: Sleeping          |     6 |       ||     6
 Armour: Robe              |    45 |    11 ||    56
  Dodge: Dodged            |    62 |     9 ||    71

Table legend: (Time is in decaauts)
 A = Elapsed time spent in this place.
 B = Non-inter-level travel time spent in this place.
 C = Inter-level travel time spent in this place.
 D = Time resting spent in this place.
 E = Time spent auto-exploring this place.
 F = Levels seen in this place.
 G = Mean time per level.
                   A        B        C        D        E       F      G
               +--------+--------+--------+--------+--------+-----+--------+
         Total |   2208 |   2154 |     54 |      0 |   1786 |   3 |  736.0 |
       Dungeon |   2208 |   2154 |     54 |      0 |   1786 |   3 |  736.0 |
               +--------+--------+--------+--------+--------+-----+--------+

Top non-repeatable levels by time:
     D:1: 1319 daAuts
     D:2: 662 daAuts
     D:3: 226 daAuts
